 Dungeon Crawl Stone Soup version 0.30-a0-845-g7c6808c8ce (webtiles) character file.

Game seed: 2355599143846587596

3030 Dittersdorf the Protected (level 9, -1/59 HPs)
             Began as a Gargoyle Fighter on Mar 2, 2023.
             Was an Initiate of Okawaru.
             Slain by an orc warrior
             ... wielding a +0 glaive
              (5 damage)
             ... in the Ecumenical Temple.
             The game lasted 00:07:38 (6137 turns).

Dittersdorf the Protected (Gargoyle Fighter)        Turns: 6137, Time: 00:07:38

Health: -1/59      AC: 23    Str: 24    XL:     9   Next: 86%
Magic:  9/9        EV:  8    Int:  9    God:    Okawaru [......]
Gold:   1749       SH: 11    Dex: 13    Spells: 8/8 levels left

rFire   . . .      SeeInvis +    a - +0 flail
rCold   . . .      Faith    .    c - +0 buckler
rNeg    + + .      Spirit   .    p - +0 chain mail
rPois   ∞          Reflect  +    q - +0 helmet
rElec   +          Rampage  .    B - +0 cloak
rCorr   +                        j - +2 pair of gloves
Will    .....                    (no boots) Stlth
                                 g - amulet of reflection
HPRegen 0.29/turn                f - ring of Wobraep {rN+ rCorr Dex+4}
MPRegen 0.11/turn                w - ring of see invisible

@: no status effects
A: sickness immunity, AC +6, negative energy resistance 1, electricity
resistance, torment resistance 1, petrification resistance
a: Renounce Religion


You were in the Ecumenical Temple.
You worshipped Okawaru.
Okawaru was noncommittal.
You visited 2 branches of the dungeon, and saw 8 of its levels.
You also visited: Sewer.

You collected 1749 gold pieces.

Inventory:

Hand Weapons
 a - a +0 flail (weapon)
Armour
 c - a +0 buckler (worn)
 j - a +2 pair of gloves (worn)
 p - a +0 chain mail (worn)
 q - a +0 helmet (worn)
 r - a +0 plate armour
 B - a +0 cloak (worn)
Jewellery
 f - the ring of Wobraep (left hand) {rN+ rCorr Dex+4}
   (You acquired it on level 4 of the Dungeon)

   [ring of resist corrosion]

   Dex:       It affects your dexterity (+4).
   rN:        It protects you from negative energy.
   rCorr:     It protects you from acid and corrosion.
 g - an amulet of reflection (around neck)
 w - a ring of see invisible (right hand)
 y - a +5 ring of evasion
Wands
 h - a wand of flame (13)
 n - a wand of iceblast (22)
Scrolls
 e - a scroll of enchant armour
 i - 2 scrolls of teleportation
 t - a scroll of torment {unknown}
 u - 4 scrolls of fog
 v - 2 scrolls of enchant weapon {unknown}
 z - a scroll of fear {unknown}
Potions
 b - 2 potions of degeneration {unknown}
 d - 4 potions of might
 k - 3 potions of mutation
 l - 6 potions of curing
 m - a potion of flight
 o - a potion of ambrosia
 s - 3 potions of haste
 x - a potion of invisibility
 A - a potion of cancellation {unknown}
 C - a potion of magic {unknown}
 D - a potion of heal wounds {unknown}


   Skills:
 + Level 8.0 Fighting
 + Level 6.9 Maces & Flails
 + Level 8.1 Armour
 + Level 8.0 Shields


You had 8 spell levels left.
You didn't know any spells.
Your spell library contained the following spells:

 Spells                   Type           Power      Damage    Failure   Level
 Dazzling Flash           Conj/Hex       0%         N/A       100%        3
 Ignite Poison            Fire/Tmut/Pois 0%         N/A       100%        3
 Kindle Blastsparks       Fire/Tloc/Air  0%         2d10      100%        3
 Agony                    Necr           0%         N/A       100%        5
 Freezing Cloud           Conj/Ice/Air   0%         6-21      100%        5
 Silence                  Hex/Air        0%         N/A       100%        5


Dungeon Overview and Level Annotations

Branches:
Dungeon (7/15)             Temple (1/1) D:7           Sewer (visited)

Altars:
Ashenzari
Dithmenos
Kikubaaqudgha
Okawaru
Qazlal
Ru
Trog
Wu Jian
Zin
The Shining One

Shops:
D:4 *


Innate Abilities, Weirdness & Mutations

You are immune to sickness and miasma.
Your stone body is resilient. (AC +6)
You are immune to poison.
You resist negative energy. (rN+)
You are resistant to electric shocks. (rElec)
You are resistant to unholy torment.
You are immune to petrification.


Message History

You block the orc's attack.
You barely miss the orc warrior.
The orc warrior is lightly wounded.
The orc warrior hits you with a +0 glaive.
* * * LOW HITPOINT WARNING * * *
You block the orc's attack. You block the orc warrior's attack.
You block the orc's attack.
You hit the orc warrior but do no damage.
The orc warrior is lightly wounded.
You block the orc warrior's attack. You block the orc's attack.
You closely miss the orc warrior.
The orc warrior is lightly wounded.
The orc warrior hits you with a +0 glaive!
* * * LOW HITPOINT WARNING * * *
The orc hits you with a +0 club.
* * * LOW HITPOINT WARNING * * *
You closely miss the orc warrior.
The orc warrior is lightly wounded.
The orc warrior closely misses you. The orc completely misses you.
You closely miss the orc warrior.
The orc warrior is lightly wounded.
The orc warrior hits you with a +0 glaive.
* * * LOW HITPOINT WARNING * * *
The orc barely misses you.
You hit the orc warrior.
The orc warrior is moderately wounded.
The orc warrior hits you but does no damage.
You block the orc's attack.
You hit the orc warrior but do no damage.
The orc warrior is moderately wounded.
The orc warrior barely misses you. You block the orc's attack.
You hit the orc warrior but do no damage.
The orc warrior is moderately wounded.
The orc warrior hits you with a +0 glaive.
* * * LOW HITPOINT WARNING * * *
You block the orc's attack.
You closely miss the orc warrior.
The orc warrior is moderately wounded.
The orc warrior hits you with a +0 glaive.
You die...

############
...........##
.........o..#
.._.......@..#
..........o...#
.............##
............##
.⌠..._......#
............#
...........##
..........##
...⌠..._..#


You could see an orc warrior and an orc.

Vanquished Creatures
  A hornet (D:7)
  Grinder (D:6)
  Eustachio (D:6)
  A steam dragon (D:6)
  Duvessa (D:6)
  Pargi (Sewer)
  A black bear (D:7)
  2 ice beasts
  A sky beast (D:6)
  2 ogres
  2 centaurs (D:7)
  A phantom (D:5)
  A bullfrog (D:6)
  4 scorpions
  9 wights (D:6)
  Dowan (D:6)
  A howler monkey (D:4)
  4 hounds
  Crazy Yiuf (D:6)
  3 jellies
  Jessica (D:3)
  Ijyb (D:3)
  An iguana (D:4)
  An orc wizard (D:7)
  12 adders
  2 shadow imps
  A white imp (D:5)
  An ufetubus (D:4)
  3 worms (D:3)
  A dart slug (D:2)
  7 orcs
  8 ball pythons
  5 endoplasms
  4 giant cockroaches
  8 goblins
  5 hobgoblins
  5 jackals (D:1)
  4 quokkas
  5 bats
  2 frilled lizards (D:1)
  8 kobolds
  8 rats
132 creatures vanquished.

Notes
Turn   | Place    | Note
-------+----------+-------------------------------------------
     0 | D:1      | Dittersdorf the Gargoyle Fighter began the quest for the
                  | Orb.
     0 | D:1      | Reached XP level 1. HP: 14/14 MP: 1/1
    90 | D:1      | Reached XP level 2. HP: 11/19 MP: 2/2
   450 | D:1      | Reached XP level 3. HP: 16/23 MP: 3/3
   642 | D:1      | You fall into a shaft and drop 1 floor!
   643 | D:2      | yay!
   903 | D:2      | Reached XP level 4. HP: 29/29 MP: 4/4
  1244 | D:3      | Noticed Jessica
  1246 | D:3      | Killed Jessica
  1326 | D:3      | Found a glowing drain.
  1351 | Sewer    | Entered a sewer
  1433 | Sewer    | Reached XP level 5. HP: 33/33 MP: 5/5
  1436 | Sewer    | Noticed Pargi
  1442 | Sewer    | Killed Pargi
  1630 | D:3      | Reached XP level 6. HP: 39/39 MP: 6/6
  1816 | D:3      | Noticed Ijyb
  1835 | D:3      | Killed Ijyb
  2514 | D:4      | Reached skill level 5 in Armour
  2611 | D:4      | Reached skill level 5 in Fighting
  2611 | D:4      | Reached skill level 5 in Shields
  2611 | D:4      | Reached XP level 7. HP: 41/44 MP: 7/7
  2661 | D:4      | Identified 2 scrolls of acquirement
  2661 | D:4      | Acquired 1224 gold pieces
  2663 | D:4      | Acquired the ring of Wobraep {rN+ rCorr Dex+4}
  2947 | D:4      | Found Zin's Purification Station.
  2947 | D:4      | Found a glowing silver altar of Zin.
  3073 | D:5      | Entered Level 5 of the Dungeon
  3428 | D:5      | Found a stormy altar of Qazlal.
  3460 | D:5      | Reached XP level 8. HP: 45/51 MP: 8/8
  3493 | D:5      | Found a shadowy altar of Dithmenos.
  3951 | D:6      | Reached skill level 5 in Maces & Flails
  4253 | D:6      | Found an ornate altar of the Wu Jian Council.
  4672 | D:6      | Noticed Dowan
  4673 | D:6      | Noticed Duvessa
  4687 | D:6      | Killed Duvessa
  4688 | D:6      | Reached XP level 9. HP: 49/57 MP: 9/9
  4707 | D:6      | Killed Dowan
  4787 | D:6      | Noticed Grinder
  4788 | D:6      | Paralysed by Grinder for 3 turns
  4810 | D:6      | Killed Grinder
  4864 | D:6      | Found a bloodstained altar of Trog.
  4905 | D:6      | Noticed Eustachio
  4941 | D:6      | Killed Eustachio
  4970 | D:6      | Found a runed translucent door.
  4971 | D:6      | Noticed Crazy Yiuf
  5257 | D:6      | Killed Crazy Yiuf
  5528 | D:7      | Found a staircase to the Ecumenical Temple.
  5534 | Temple   | Entered the Ecumenical Temple
  5545 | Temple   | Became a worshipper of Warmaster Okawaru
  5646 | D:7      | Noticed a hornet
  5663 | D:7      | Killed a hornet
  6137 | Temple   | Slain by an orc warrior

Illustrated notes

#####
######.!....
#...@..#
.....######
.##


Turn 643 on D:2: yay!

Levels and vault maps discovered:
D:1:      tarquinn_simple_flora_water_a, layout_loops_cross, minivault_4,
          minmay_pentomino_t2
D:2:      layout_rooms, kennysheep_generic_room_11
D:3:      layout_basic, cheibrodos_sewer_entry_sluice, uniq_jessica, uniq_ijyb
D:4:      layout_gridville, zin_purify, kennysheep_boxes
D:5:      layout_loops_cross, nicolae_qazlal_scattered_showers,
          lemuel_doored_altar
D:6:      layout_basic, nzn_wu_jian_contemplation, bloody_trog,
          interstate_on_off, st_stairs_3, uniq_crazy_yiuf_cottage, uniq_grinder,
          uniq_eustachio, uniq_duvessa
D:7:      layout_basic, minmay_temple_entry_wispy
Temple:   nicolae_temple_ecumenical_triangle

Skill      XL: |  1  2  3  4  5  6  7  8  9 |
---------------+----------------------------+-----
Armour         | 4 5 7 8 |  8.1
Fighting       | 4 5 7 8 |  8.0
Shields        | 4 5 7 8 |  8.0
Maces & Flails | 3 4 5 6 |  6.9

Action                     |  1- 3 |  4- 6 |  7- 9 || total
---------------------------+-------+-------+-------++-------
  Melee: Flail             |   112 |   162 |   406 ||   680
    Use: Scroll            |       |     7 |     8 ||    15
 Armour: Scale mail        |    92 |    98 |       ||   190
         Chain mail        |       |    34 |   205 ||   239
  Dodge: Dodged            |    94 |    72 |   121 ||   287
  Block: Buckler           |    29 |    70 |   233 ||   332
         Reflection        |       |     2 |     5 ||     7

Table legend: (Time is in decaauts)
 A = Elapsed time spent in this place.
 B = Non-inter-level travel time spent in this place.
 C = Inter-level travel time spent in this place.
 D = Time resting spent in this place.
 E = Time spent auto-exploring this place.
 F = Levels seen in this place.
 G = Mean time per level.
                   A        B        C        D        E       F      G
               +--------+--------+--------+--------+--------+-----+--------+
         Total |   6319 |   6133 |    186 |    397 |   4185 |   9 |  702.1 |
       Dungeon |   6011 |   5833 |    178 |    336 |   4033 |   7 |  858.7 |
        Temple |     46 |     38 |      8 |      0 |      6 |   1 |   46.0 |
         Sewer |    262 |    262 |      0 |     61 |    146 |   1 |  262.0 |
               +--------+--------+--------+--------+--------+-----+--------+

Top non-repeatable levels by time:
     D:6: 1485 daAuts
     D:3: 1015 daAuts
     D:5: 987 daAuts
     D:1: 836 daAuts
     D:4: 629 daAuts
     D:7: 607 daAuts
     D:2: 448 daAuts
   Sewer: 262 daAuts
  Temple: 46 daAuts
